 Dungeon Sprint DCSS version 0.21.0-24-g2553a33 (webtiles) character file.

24 letownia2 the Ruffian (level 2, -2/27 HPs)
             Began as a Troll Wizard on Jan 20, 2018.
             Drowned by a water elemental (5 damage)
             ... in the Dungeon (Sprint III: "The Ten Rune Challenge").
             The game lasted 00:00:53 (134 turns).

letownia2 the Ruffian (Troll Wizard)                 Turns: 134, Time: 00:00:54

Health: -2/27      AC:  5    Str: 14    XL:     2   Next: 79%
Magic:  4/4        EV:  9    Int: 14    God:
Gold:   37         SH:  0    Dex:  8    Spells: 4/5 levels left

rFire    . . .     SeeInvis .     - Unarmed
rCold    . . .     Gourm    +   (no shield)
rNeg     . . .     Faith    .   a - +0 robe
rPois    .         Spirit   .   b - +0 hat
rElec    .         Reflect  .   (no cloak)
rCorr    .         Harm     .   (gloves unavailable)
MR       .....     NoTele   +   (boots unavailable)
Stlth    +.........             (no amulet)
HPRegen  0.49/turn              (no ring)
MPRegen  0.09/turn              (no ring)

@: engulfed (cannot breathe)
A: large, unfitting armour, claws 3, horns 1, blurry vision 1, fast metabolism
3, gourmand, regeneration 1, shaggy fur 1, tough skin 2, subdued magic 1
a: no special abilities


You were in the Dungeon.
You were very full.

You visited 1 branch You collected 37 gold pieces.

Inventory:

Armour
 a - a +0 robe (worn)
 b - a +0 hat (worn)
Scrolls
 j - a scroll of blinking
 k - 2 scrolls of immolation {unknown}
 l - 5 scrolls of identify
 n - a scroll of holy word {unknown}
 o - a scroll of fog {unknown}
Potions
 e - a potion of curing
 f - a potion of heal wounds
 g - a potion of haste
 h - 2 potions of magic
 i - a potion of berserk rage
 m - 2 potions of flight
 p - a potion of lignification {unknown}
 q - 5 potions of mutation
Books
 c - a book of Minor Magic

   Spells                             Type                      Level
   a - Magic Dart                     Conjuration                  1
   b - Blink                          Translocation                2
   c - Call Imp                       Summoning                    2
   d - Slow                           Hexes                        2
   e - Conjure Flame                  Conjuration/Fire             3
   f - Mephitic Cloud                 Conjuration/Poison/Air       3
Comestibles
 d - 4 rations


   Skills:
 - Level 1.0 Fighting
 - Level 1.5 Dodging
 - Level 1.0 Stealth
 - Level 5.2 Unarmed Combat
 + Level 2.0 Spellcasting
 - Level 0.6 Conjurations
   Level 0.6 Summonings
   Level 0.6 Translocations


You had 4 spell levels left.
You knew the following spells:

 Your Spells              Type           Power        Failure   Level  Hunger
a - Magic Dart            Conj           #...         16%         1    ##.....


Dungeon Overview and Level Annotations

Branches:
Dungeon (1/1)

Altars:


Innate Abilities, Weirdness & Mutations

You are too large for most types of armour.
You have claws for hands.
Your metabolism is lightning-fast.
You like to eat raw meat.
Your natural rate of healing is unusually fast.
You are covered in fur. (AC +1)
You have very tough skin. (AC +2)
You have a pair of small horns on your head.
Scrolls take you a little longer to read.
Your spells are a little easier to cast, but a little less powerful.


Message History

You scratch the water elemental.
The water elemental is lightly damaged.
The water elemental closely misses you.
You closely miss the water elemental.
You headbutt the water elemental, but do no damage.
The water elemental is lightly damaged.
The water elemental hits you!
The water elemental engulfs you in water!
You claw the water elemental!
The water elemental is heavily damaged.
Your lungs strain for air!
The water elemental barely misses you.
You completely miss the water elemental.
The water elemental is heavily damaged.
Your lungs strain for air!
The water elemental hits you!
* * * LOW HITPOINT WARNING * * *
You closely miss the water elemental.
The water elemental is heavily damaged.
You die...

▓▓▓▓▓▓▓▓▓▓▓ ▓▓▓
<.#..'....♣♣♣ ♣.#
..#..#....♣.♣ ♣♣.#
#'####....♣.♣ ♣..#
...÷.#....≈.♣♣♣..# #+#+#
.....#...≈≈♣♣..♣.#......
....(#..≈≈≈≈♣...@E.⌠....
####'#..≈≈≈≈≈≈...#...###
.....#.≈≈≈≈≈≈....#.⌠.#
.....#.≈≈≈≈≈.....# ..#
.....#.≈≈≈.......# ###
'#####...........#
.................#
▓▓▓▓▓▓▓▓▓▓▓▓▓▓▓▓▓▓


You could see a water elemental.

Vanquished Creatures
  A human (D)
  A phantom (D)
  4 rats (D)
6 creatures vanquished.

Vanquished Creatures (others)
  4 hellions (D)
  A yaktaur (D)
5 creatures vanquished.

Grand Total: 11 creatures vanquished

Notes
Turn   | Place    | Note
-------+----------+-------------------------------------------
     0 | D        | letownia2 the Troll Wizard began the quest for the Orb.
     0 | D        | Reached XP level 1. HP: 16/16 MP: 2/2
     4 | D        | Reached skill level 1 in Unarmed Combat
    20 | D        | Reached skill level 1 in Fighting
    20 | D        | Reached skill level 2 in Unarmed Combat
    66 | D        | Reached skill level 4 in Unarmed Combat
    66 | D        | Reached XP level 2. HP: 14/27 MP: 4/4
    69 | D        | Reached skill level 5 in Unarmed Combat
    81 | D        | Killed a hellion
    88 | D        | Killed a yaktaur
   100 | D        | Gained mutation: Your spells are a little easier to cast, but a little less powerful. [potion of mutation]
   100 | D        | Gained mutation: Scrolls take you a little longer to read. [potion of mutation]
   100 | D        | Gained mutation: You have a pair of small horns on your head. [potion of mutation]
   105 | D        | Killed a hellion
   128 | D        | Noticed a water elemental
   128 | D        | Killed a hellion
   129 | D        | Killed a hellion
   134 | D        | Drowned by a water elemental

Skill      XL: |  1  2 |
---------------+-------+-----
Unarmed Combat | 4 5 |  5.2
Fighting       | 1 |  1.0
Dodging        | |  1.5
Stealth        | |  1.0
Spellcasting   | |  2.0
Conjurations   | |  0.6
Summonings     | |  0.6
Translocations | |  0.6

Action                   || total
-------------------------++-------
Melee: Unarmed           ||    25
       Headbutt          ||     1
  Use: Potion            ||     1
 Stab: Sleeping          ||     2
  Eat: Chunk             ||     5
Armor: Robe              ||     4
Dodge: Dodged            ||    11
